Map: Overgrown Facility

Players

Throwfordays - Winner!

  • Race: Protoss Protoss
  • League: Bronze
  • Spawn Location: 3:00

Faust - Winner!

  • Race: Zerg Zerg
  • League: Diamond
  • Spawn Location: 1:00

shtuart

  • Race: Zerg Zerg
  • League: Platinum
  • Spawn Location: 9:00

infamous

  • Race: Protoss Protoss
  • Spawn Location: 7:00

VOD

Have the link to the VOD?

Description

Time

  • Played on: Jan. 29, 2019, 7:29 p.m.
  • Length: 10:55
Show
View Real Time Build Order
Export as new Build Order

Throwfordays Protoss - Winner!

Build Orders: Double Forge 

Get SALT Encoding   

  12  0:01  Probe  
  13  0:13  Probe  
  14  0:19  Pylon  
  14  0:25  Probe  
  15  0:37  Probe  
  15  0:40  Gateway  
  16  0:47  Pylon  
  16  0:50  Probe  
  17  1:01  Assimilator  
  17  1:02  Probe  
  18  1:14  Probe  
  19  1:21  Gateway  
  19  1:26  Probe  
  19  1:32  Cybernetics Core  
  20  1:38  Probe  
  21  1:48  Warp Gate  
  21  2:03  Assimilator  
  21  2:10  Nexus  
  21  2:15  Adept  
  23  2:22  Adept  
  25  2:24  Probe  
  26  2:36  Probe  
  27  2:39  Pylon  
  27  2:48  Probe  
  28  2:57  Adept x2  
  32  3:01  Probe  
  33  3:13  Probe  
  33  3:19  Twilight Council  
  34  3:25  Probe  
  33  3:47  Forge  
  33  3:48  Forge  
  33  3:50  Gateway  
  33  3:54  Probe  
  34  3:56  Gateway  
  34  3:57  Probe  
  34  4:02  Resonating Glaives  
  35  4:06  Probe  
  35  4:09  Probe  
  37  4:10  Protoss Ground Weapons Level 1  
  37  4:18  Probe  
  37  4:21  Probe  
  39  4:30  Probe  
  40  4:33  Probe  
  40  4:37  Protoss Shields Level 1  
  41  4:39  Pylon  
  41  4:40  Pylon  
  41  4:47  Stalker  
  41  4:48  Stalker  
  45  5:00  Photon Cannon  
  45  5:05  Photon Cannon  
  45  5:14  Photon Cannon  
  45  5:18  Photon Cannon  
  45  5:22  Probe  
  46  5:34  Probe  
  47  5:35  Assimilator  
  47  5:39  Assimilator  
  47  5:43  Blink  
  47  5:46  Probe  
  47  5:49  Pylon  
  48  5:58  Stalker x3, Probe  
  48  5:59  Stalker  
  57  6:28  Probe  
  57  6:31  Probe  
  59  6:33  Protoss Ground Weapons Level 2  
  59  6:34  Protoss Shields Level 2  
  59  6:41  Probe  
  59  6:43  Probe  
  61  6:49  Stalker x4  
  61  6:54  Probe  
  70  6:55  Probe  
  70  6:56  Nexus, Pylon  
  71  7:06  Probe  
  72  7:21  Sentry  
  74  7:54  Pylon  
  74  8:13  Stalker x2  
  74  8:14  Stalker x2  
  74  8:16  Gateway  
  74  8:18  Gateway  
  56  8:39  Pylon  
  56  8:40  Probe  
  57  8:43  Assimilator  
  57  8:47  Assimilator  
  57  8:49  Stalker x4  
  57  8:52  Probe  
  66  9:04  Probe  
  67  9:16  Stalker x4, Probe  
  67  9:17  Stalker x2  
  74  9:28  Probe  
  71  9:34  Pylon  
  71  9:52  Pylon  
  71  9:58  Stalker x5  
  71  9:59  Stalker  
  83  10:03  Pylon  
  83  10:28  Adept x2  
  83  10:29  Adept x4  
  83  10:33  Pylon  
  79  10:49  Stalker  
  77  10:50  Stalker x5  
Show
View Real Time Build Order
Export as new Build Order

Faust Zerg - Winner!

Build Orders: Hatch First 

Get SALT Encoding   

  12  0:01  Drone  
  13  0:08  Drone  
  14  0:15  Extractor  
  14  0:16  Drone  
  15  0:23  Overlord  
  15  0:41  Drone x2  
  17  0:58  Hatchery  
  17  0:59  Drone  
  17  1:03  Drone  
  18  1:16  Spawning Pool  
  17  1:25  Extractor  
  16  1:26  Drone  
  16  1:27  Drone  
  18  1:33  Drone  
  19  1:42  Overlord  
  19  2:04  Zergling x4  
  19  2:06  Queen  
  23  2:10  Zergling x2  
  23  2:11  Queen  
  23  2:12  Zergling x2  
  27  2:22  Overlord  
  27  2:32  Metabolic Boost  
  26  2:59  Baneling Nest  
  25  3:09  Zergling x12  
  31  3:15  Zergling x4  
  33  3:26  Zergling x12  
  39  3:42  Drone x2  
  39  3:44  Drone  
  39  3:45  Drone  
  43  3:59  Baneling x3  
  43  4:00  Baneling  
  43  4:03  Overlord x2  
  43  4:07  Baneling x2  
  38  4:40  Spore Crawler  
  38  4:42  Spore Crawler, Drone x9  
  37  4:54  Zergling x2  
  37  4:55  Zergling x2  
  39  5:03  Baneling x6  
  39  5:04  Baneling x2  
  39  5:13  Drone x3  
  42  5:14  Extractor  
  42  5:20  Drone x3  
  42  5:46  Drone x2  
  42  5:47  Drone x2  
  42  5:48  Extractor  
  45  5:51  Extractor  
  42  5:57  Lair  
  42  6:03  Zergling x16  
  50  6:13  Hatchery  
  50  6:14  Baneling x3  
  50  6:15  Baneling  
  49  6:27  Drone x3  
  49  6:28  Drone  
  52  6:40  Drone x7  
  58  6:56  Drone x2  
  60  7:07  Spire  
  59  7:11  Drone  
  59  7:13  Extractor  
  59  7:14  Extractor  
  58  7:16  Overlord x2  
  58  7:17  Overlord x3  
  58  7:27  Spore Crawler  
  57  7:50  Baneling  
  57  7:56  Drone x4  
  57  7:57  Drone x2  
  63  8:03  Queen  
  64  8:07  Overlord x2  
  64  8:08  Overlord  
  62  8:19  Hatchery  
  61  8:21  Mutalisk  
  61  8:22  Mutalisk x9  
  81  8:48  Mutalisk x4  
  81  8:51  Drone  
  81  8:52  Drone x7  
  94  8:58  Infestation Pit  
  91  9:09  Drone x7  
  98  9:28  Drone x7  
  98  9:31  Extractor  
  104  9:33  Extractor  
  103  9:42  Drone x2  
  103  9:43  Drone x2  
  103  9:44  Drone x3  
  103  9:45  Drone  
  111  9:51  Drone x2  
  111  9:52  Drone  
Show
View Real Time Build Order
Export as new Build Order

shtuart Zerg 

Build Orders: Pool First 

Get SALT Encoding   

  12  0:01  Drone  
  13  0:08  Drone  
  14  0:21  Overlord  
  14  0:35  Spawning Pool  
  13  0:37  Extractor  
  13  0:39  Drone  
  13  0:46  Drone  
  14  0:53  Drone x2  
  16  1:01  Drone  
  17  1:21  Queen  
  17  1:23  Zergling x4  
  21  1:34  Zergling x2  
  22  1:57  Overlord  
  22  2:14  Hatchery  
  21  2:18  Metabolic Boost  
  21  2:21  Zergling x6  
  24  2:34  Spine Crawler  
  23  2:51  Drone x2  
  23  2:52  Zergling x4  
  26  3:03  Zergling x2  
  27  3:10  Zergling x2  
  23  3:39  Zergling x2  
  23  3:40  Zergling x4  
  25  3:57  Queen  
  25  3:58  Drone  
  25  3:59  Zergling x8  
  32  4:03  Queen  
  32  4:06  Overlord  
  28  4:21  Spine Crawler  
  28  4:22  Spine Crawler  
  25  4:46  Zergling x4  
  25  4:47  Zergling x10  
  27  5:10  Zergling x2, Drone x2  
  27  5:11  Zergling x4  
  26  5:56  Drone x6  
  26  5:57  Drone x2  
  31  6:06  Drone  
  32  6:32  Drone x4  
  27  6:33  Zergling x4  
  29  6:53  Drone x4  
  33  6:56  Lair  
  33  7:06  Drone x4  
  37  7:21  Roach Warren  
  36  7:35  Zergling x12  
  37  8:12  Roach x4  
  44  8:13  Roach  
  44  8:14  Overlord x4  
  44  8:33  Roach x2  
  44  8:34  Roach x3  
  54  8:45  Roach x2  
  54  8:46  Roach x5  
  60  9:37  Roach x2  
  60  9:38  Roach x2  
  66  9:39  Zergling x10  
  66  9:40  Zergling x12  
  71  10:06  Hatchery  
  71  10:07  Extractor x2  
  68  10:09  Extractor, Roach  
  63  10:33  Roach x2  
  63  10:35  Zergling x14  
  65  10:36  Zergling x2  
  65  10:42  Spore Crawler  
  55  10:43  Spore Crawler  
  55  10:46  Spore Crawler  
  55  10:48  Spore Crawler  
Show
View Real Time Build Order
Export as new Build Order

infamous Protoss 

Build Orders: Oracle Opening 

Get SALT Encoding   

  12  0:02  Probe  
  13  0:15  Probe  
  14  0:28  Pylon, Probe  
  15  0:46  Assimilator, Probe  
  16  0:52  Gateway  
  16  0:58  Probe  
  17  1:10  Probe  
  18  1:22  Probe  
  18  1:23  Pylon  
  19  1:33  Assimilator  
  19  1:34  Probe  
  20  1:42  Probe  
  20  1:43  Cybernetics Core  
  21  1:51  Probe  
  21  2:00  Probe  
  22  2:05  Zealot  
  22  2:08  Probe  
  26  2:16  Probe  
  26  2:21  Warp Gate  
  27  2:27  Probe  
  28  2:35  Nexus  
  28  2:39  Probe  
  29  2:51  Probe  
  30  2:54  Stargate  
  30  3:02  Stargate  
  30  3:04  Pylon  
  30  3:06  Probe  
  31  3:21  Assimilator  
  31  3:22  Stalker  
  33  3:31  Assimilator  
  33  3:34  Probe  
  34  3:47  Pylon  
  34  3:48  Oracle  
  37  3:55  Probe  
  37  3:59  Oracle  
  38  4:06  Probe  
  38  4:08  Probe  
  43  4:12  Pylon  
  43  4:20  Probe  
  44  4:29  Void Ray  
  39  4:32  Probe  
  36  4:42  Probe  
  23  4:50  Probe  
  24  4:57  Probe  
  25  5:00  Probe  
  25  5:05  Probe  
  27  5:12  Probe  
  28  5:15  Probe  
  28  5:20  Probe  
  30  5:24  Probe  
  32  5:30  Probe  
  32  5:32  Probe  
  33  5:41  Probe  
  35  5:53  Probe  
  37  5:57  Probe  
  37  6:05  Probe  
  38  6:24  Probe  
  38  6:31  Void Ray x2  
  38  6:32  Probe  
  47  6:37  Stargate x2  
  48  6:42  Probe  
  48  6:44  Probe  
  50  6:52  Probe  
  50  6:56  Probe  
  50  7:00  Probe  
  53  7:08  Probe  
  53  7:14  Void Ray  
  58  7:16  Void Ray  
  58  7:18  Probe  
  63  7:26  Probe  
  63  7:27  Probe  
  63  7:35  Probe  
  51  8:35  Void Ray  
  51  8:43  Pylon x2  
  51  8:44  Pylon  
  39  9:22  Pylon  
  39  9:24  Pylon  
  39  9:26  Pylon  
  39  9:38  Probe  
  39  9:40  Void Ray x2  
  39  9:42  Void Ray  
  39  9:44  Void Ray  
  56  9:48  Probe  
  57  10:00  Probe  
  58  10:15  Nexus  
Tags
 
Add a new tag
Caveats
  • Supply blocks, unpowered buildings, or Contaminate may cause inaccurate times.
  • Supply counts are checked every 10 seconds.